 Dungeon Crawl Stone Soup version 0.30-a0-949-g53dc5368d7 (webtiles) character file.

Game seed: 13524783769027594221

6382 mopl the Jinx (level 10, -2/55 HPs)
             Began as a Deep Elf Enchanter on Mar 27, 2023.
             Was a Believer of Dithmenos.
             Slain by a manticore (11 damage)
             ... on level 9 of the Dungeon.
             The game lasted 00:18:09 (8611 turns).

mopl the Jinx (Deep Elf Enchanter)                  Turns: 8611, Time: 00:18:09

Health: -2/55      AC:  4    Str:  8    XL:     10   Next: 65%
Magic:  19/24      EV: 12    Int: 31    God:    Dithmenos [**....]
Gold:   531        SH:  5    Dex: 15    Spells: 6/26 levels left

rFire   . . .      SeeInvis +    a - +1 dagger (venom)
rCold   . . .      Faith    .    p - +0 buckler
rNeg    . . .      Spirit   .    f - +0 robe
rPois   .          Reflect  .    i - +0 helmet {SInv}
rElec   .          Rampage  .    e - scarf {shadows}
rCorr   .                        O - +0 pair of gloves {Str+3}
Will    +....                    (no boots)
Stlth   +++++                    t - amulet of regeneration
HPRegen 1.09/turn                G - +6 ring of intelligence
MPRegen 0.19/turn                V - +4 ring of slaying

@: lethally poisoned (-2 -> -3), slowed, wreathed by umbra, very slow
A: no striking features
a: Renounce Religion, Shadow Step


You were on level 9 of the Dungeon.
You worshipped Dithmenos.
Dithmenos was pleased with you.
You visited 2 branches of the dungeon, and saw 10 of its levels.
You also visited: Sewer and Ossuary.

You collected 531 gold pieces.

Inventory:

Hand Weapons
 a - a +1 dagger of venom (weapon)
 b - a +0 short sword of venom
 j - a +1 dagger
 Q - a +0 short sword of flaming
 X - a +1 dagger of holy wrath
Missiles
 h - 36 poisoned darts
 M - 2 curare-tipped darts
 N - a throwing net
 T - 2 javelins
 U - 6 atropa-tipped darts
Armour
 e - a scarf of shadows (worn)
 f - a +0 robe (worn)
 i - a +0 helmet of see invisible (worn)
 p - a +0 buckler (worn)
 H - a +0 troll leather armour
 O - a +0 pair of gloves of strength (worn)
 Y - the +1 pair of gloves "Vutahosuotz" {Rampage Drain rC+ Str+3}
   (You found it on level 9 of the Dungeon)

   Str:       It affects your strength (+3).
   rC:        It protects you from cold.
   Drain:     It drains your maximum health when unequipped.
   Rampage:   It bestows one free step when moving towards enemies.
Magical Staves
 R - a staff of air
Jewellery
 t - an amulet of regeneration (around neck)
 E - a ring of ice
 G - a +6 ring of intelligence (left hand)
 K - a +6 ring of dexterity
 L - an amulet of the acrobat
 V - a +4 ring of slaying (right hand)
Wands
 o - a wand of digging (8)
 P - a wand of charming (23)
 W - a wand of flame (11)
Scrolls
 l - 4 scrolls of amnesia {unknown}
 n - 3 scrolls of fear {unknown}
 q - 5 scrolls of teleportation {unknown}
 r - 2 scrolls of brand weapon {unknown}
 v - 6 scrolls of enchant armour {unknown}
 x - a scroll of vulnerability {unknown}
 y - 2 scrolls of blinking {unknown}
 B - 2 scrolls of fog {unknown}
 C - 2 scrolls of enchant weapon {unknown}
 F - 3 scrolls of poison {unknown}
 I - 3 scrolls of magic mapping {unknown}
 S - a scroll of immolation {unknown}
Potions
 c - 3 potions of invisibility
 d - 6 potions of flight
 g - a potion of resistance
 k - 9 potions of curing
 m - a potion of berserk rage {!q}
 s - 3 potions of might
 u - a potion of haste
 w - 2 potions of mutation {!q}
 z - 2 potions of brilliance
 A - a potion of lignification {!q}
 D - a potion of heal wounds
 J - 3 potions of cancellation {unknown}


   Skills:
 + Level 2.8 Fighting
 + Level 6.2 Short Blades
 - Level 2.4 Dodging
 + Level 9.0 Stealth
 - Level 4.0 Shields
 + Level 8.7 Spellcasting
 + Level 9.2 Hexes
 - Level 3.0 Translocations
 - Level 5.0 Transmutations
 + Level 4.9 Earth Magic
 + Level 4.0 Invocations


You had 6 spell levels left.
You knew the following spells:

 Your Spells              Type           Power      Damage    Failure   Level
a - Dazzling Flash        Conj/Hex       84%        N/A       2%          3
b - Ensorcelled Hibernat  Hex/Ice        84%        N/A       1%          2
c - Confusing Touch       Hex            63%        N/A       1%          3
d - Tukima's Dance        Hex            63%        N/A       1%          3
e - Blink                 Tloc           64%        N/A       1%          2
p - Passwall              Tmut/Erth      36%        N/A       1%          2
y - Yara's Violent Unrav  Hex/Tmut       27%        3d12      7%          5

Your spell library contained the following spells:

 Spells                   Type           Power      Damage    Failure   Level
 Slow                     Hex            100%       N/A       1%          1
 Lesser Beckoning         Tloc           64%        N/A       1%          2
 Momentum Strike          Conj/Tloc      44%        3d9       3%          2
 Gell's Gravitas          Tloc           32%        N/A       4%          3
 Teleport Other           Tloc           32%        N/A       4%          3
 Swiftness                Air            13%        N/A       14%         3
 Vampiric Draining        Necr           13%        2d6       14%         3
 Passage of Golubria      Tloc           32%        N/A       14%         4
 Summon Mana Viper        Hex/Summ       42%        N/A       21%         5
 Summon Forest            Summ/Tloc      11%        N/A       56%         5
 Dispersal                Tloc           16%        N/A       91%         6
 Summon Cactus Giant      Summ           6%         N/A       100%        6


Dungeon Overview and Level Annotations

Branches:
Dungeon (9/15)             Temple (1/1) D:7           Sewer (visited)
Ossuary (visited)
   Lair: D:8-11         Orc: D:9-12

Altars:
Dithmenos
Elyvilon
Gozag
Hepliaklqana
Kikubaaqudgha
Okawaru
Trog
Uskayaw
Xom
Yredelemnul
Zin

Shops:
D:5 **

Annotations:
D:6 3 runed translucent doors, sanka's ghost, novice GrCA
D:8 exclusion: wight, Gastronok; Joseph


Message History

You barely miss the kobold.
The kobold is moderately wounded.
You block the kobold's attack.
You hit the kobold.
You kill the kobold!
Dithmenos accepts your kill.
No target in view!
No target in view!
M - 2 curare-tipped darts (gained 1);
S - a scroll labelled AGREUD YSOEFA
Items here: ( )) †.
You see here the +1 pair of gloves "Vutahosuotz" {Rampage Drain rC+ Str+3}.
Y - the +1 pair of gloves "Vutahosuotz" {Rampage Drain rC+ Str+3}
Items here: ( )) ††.
Things that are here:
a +0 dagger; 10 stones
Found a pair of gloves.
A hornet comes into view.
You see here a +0 pair of gloves.
A manticore comes into view.
The hornet buzzes angrily.
You hear a shout!
You hear a howl!
The hornet resists with significant effort.
The hornet stings you.
You feel yourself slow down.
The hornet resists with significant effort.
The hornet stings you!
You are poisoned.
You feel as though you will be slow longer.
The hornet misses you.
The hornet looks drowsy...
You feel very sick.
The helpless hornet fails to defend itself.
You perforate the hornet like a sieve!!!
You kill the hornet!
Dithmenos accepts your kill.
You feel very sick. The manticore bites you!! The manticore closely misses you.
The manticore claws you but does no damage.
The manticore closely misses you. The manticore claws you!
* * * LOW HITPOINT WARNING * * *
The manticore claws you!
You die...

#))##### #.#
##......## #.#
.........# #.#
########.###.######
#..........# #
#.###......# ## #.#
#####..###### ###.
#.# #.[...... .'..
#.# #@.###### ###
### #†H# # ### ...#
# ♣♣.♣ ....# # ♣.♣♣
#.#... ###
♣♣.♣♣#.#.### +..
♣♣♣.♣#.#.# ###.
#♣...♣#.#.# #[##
#.###.#.#.# #.##


You could see a manticore.

Vanquished Creatures
  A two-headed ogre (D:8)
  A kobold demonologist (D:8)
  A troll (D:9)
  3 hornets
  3 yaks (D:9)
  A wyvern (D:9)
  A steam dragon (D:8)
  A sky beast (D:8)
  2 water moccasins
  2 black bears (D:6)
  3 ice beasts
  4 orc warriors
  2 ogres (D:4)
  3 centaurs
  A phantom (D:5)
  6 kobold brigands
  4 bullfrogs
  A gnoll sergeant (D:8)
  4 scorpions
  A wight (D:9)
  A howler monkey (D:8)
  4 crimson imps (D:5)
  5 orc priests
  A gnoll bouda (D:9)
  Jessica (D:2)
  3 iguanas
  2 sleepcaps
  8 orc wizards
  12 mummies (Ossuary)
  Robin (D:3)
  11 gnolls
  16 adders
  5 river rats (Sewer)
  2 white imps
  A worm (D:4)
  3 dart slugs
  13 orcs
  8 ball pythons
  5 endoplasms
  8 giant cockroaches
  13 goblins
  11 hobgoblins
  8 jackals
  24 kobolds
  8 quokkas
  9 bats
  7 frilled lizards
  3 gnoll skeletons (Ossuary)
  2 goblin skeletons (Ossuary)
  2 kobold skeletons (Ossuary)
  An orc skeleton (Ossuary)
  3 rats
  11 rat skeletons (Ossuary)
257 creatures vanquished.

Vanquished Creatures (collateral kills)
  Sigmund (D:3)
  3 wights (D:9)
4 creatures vanquished.

Vanquished Creatures (others)
  An orc (D:8)
  3 kobolds (D:8)
  8 plants (D:9)
12 creatures vanquished.

Grand Total: 273 creatures vanquished

Notes
Turn   | Place    | Note
-------+----------+-------------------------------------------
     0 | D:1      | mopl the Deep Elf Enchanter began the quest for the Orb.
     0 | D:1      | Reached XP level 1. HP: 10/10 MP: 6/6
   113 | D:1      | Reached XP level 2. HP: 15/15 MP: 8/8
   117 | D:1      | Learned a level 2 spell: Ensorcelled Hibernation
   399 | D:1      | Reached skill level 4 in Stealth
   994 | D:2      | Reached XP level 3. HP: 19/19 MP: 10/10
   998 | D:2      | Learned a level 3 spell: Confusing Touch
  1002 | D:2      | Learned a level 3 spell: Tukima's Dance
  1480 | D:3      | Noticed Sigmund
  1686 | D:3      | Reached skill level 2 in Short Blades
  1686 | D:3      | Reached XP level 4. HP: 6/24 MP: 8/11
  1883 | D:3      | Reached skill level 4 in Spellcasting
  2029 | D:3      | Killed Sigmund
  2030 | D:3      | Reached skill level 5 in Stealth
  2030 | D:3      | Reached skill level 1 in Shields
  2030 | D:3      | Reached skill level 5 in Hexes
  2030 | D:3      | Reached XP level 5. HP: 27/28 MP: 7/14
  2085 | D:3      | Noticed Jessica
  2086 | D:3      | Noticed Robin
  2158 | D:2      | Killed Jessica
  2159 | D:2      | Reached XP level 6. HP: 32/32 MP: 12/15
  2174 | D:3      | Killed Robin
  2321 | D:4      | Learned a level 3 spell: Dazzling Flash
  2324 | D:4      | Learned a level 2 spell: Blink
  2532 | D:4      | Found a sand-covered staircase.
  2537 | Ossuary  | Entered an ossuary
  2601 | Ossuary  | Reached skill level 3 in Short Blades
  2601 | Ossuary  | Reached skill level 5 in Spellcasting
  2682 | Ossuary  | Reached skill level 1 in Translocations
  2825 | Ossuary  | Reached skill level 2 in Shields
  3001 | D:4      | Reached XP level 7. HP: 36/36 MP: 14/17
  3021 | D:4      | Learned a level 2 spell: Passwall
  3067 | D:4      | Reached skill level 6 in Hexes
  3134 | D:4      | Reached skill level 2 in Translocations
  3230 | D:4      | Found an opulent altar of Gozag.
  3631 | D:4      | Reached skill level 6 in Stealth
  3753 | D:4      | Found an opulent altar of Gozag.
  4050 | D:5      | Entered Level 5 of the Dungeon
  4174 | D:5      | Found a hazy altar of Hepliaklqana.
  4174 | D:5      | Found an iron altar of Okawaru.
  4258 | D:5      | Reached skill level 4 in Short Blades
  4258 | D:5      | Reached skill level 6 in Spellcasting
  4258 | D:5      | Reached XP level 8. HP: 40/41 MP: 9/19
  4285 | D:5      | Reached skill level 3 in Translocations
  4430 | D:5      | Reached skill level 1 in Transmutations
  4462 | D:5      | Reached skill level 1 in Earth Magic
  4536 | D:5      | Found Poudghubb's General Store.
  4538 | D:5      | Found Yduust's Specific Store.
  4716 | D:5      | Found a shimmering altar of Xom.
  4724 | D:5      | Reached skill level 3 in Shields
  4765 | D:5      | Reached skill level 7 in Hexes
  5295 | D:6      | Reached skill level 7 in Stealth
  5305 | D:6      | Reached skill level 2 in Transmutations
  5305 | D:6      | Reached skill level 2 in Earth Magic
  5322 | D:6      | Found a runed translucent gate.
  5322 | D:6      | Found a runed translucent gate.
  5322 | D:6      | Found a runed translucent gate.
  5323 | D:6      | Found an opulent altar of Gozag.
  5323 | D:6      | Noticed a cyclops
  5324 | D:6      | Noticed sanka's ghost (novice GrCA)
  5409 | D:6      | Reached skill level 7 in Spellcasting
  5473 | D:6      | Found a glowing drain.
  5515 | D:6      | Reached XP level 9. HP: 44/45 MP: 12/21
  5565 | Sewer    | Entered a sewer
  5572 | Sewer    | Learned a level 5 spell: Yara's Violent Unravelling
  6384 | D:6      | Found a bloodstained altar of Trog.
  6698 | D:7      | Reached skill level 5 in Short Blades
  6702 | D:7      | Reached skill level 3 in Transmutations
  6837 | D:7      | Reached skill level 3 in Earth Magic
  6920 | D:7      | Found a staircase to the Ecumenical Temple.
  6927 | Temple   | Entered the Ecumenical Temple
  6958 | Temple   | Became a worshipper of Dithmenos the Shadowed
  7248 | D:8      | Reached skill level 8 in Hexes
  7269 | D:8      | Reached skill level 1 in Fighting
  7313 | D:8      | Reached skill level 1 in Invocations
  7416 | D:8      | Reached skill level 4 in Shields
  7542 | D:8      | Noticed Gastronok
  7563 | D:8      | Noticed a two-headed ogre
  7568 | D:8      | Killed a two-headed ogre
  7569 | D:8      | Reached skill level 8 in Stealth
  7569 | D:8      | Reached skill level 4 in Transmutations
  7569 | D:8      | Reached skill level 2 in Invocations
  7576 | D:8      | Noticed Joseph
  7730 | D:8      | Reached skill level 4 in Earth Magic
  7750 | D:8      | Reached skill level 8 in Spellcasting
  7750 | D:8      | Reached XP level 10. HP: 53/53 MP: 19/24
  8020 | D:9      | Noticed a rust devil
  8021 | D:9      | Reached * piety under Dithmenos
  8048 | D:8      | Noticed a sixfirhy
  8050 | D:8      | Reached skill level 2 in Fighting
  8159 | D:9      | Reached skill level 3 in Invocations
  8273 | D:9      | Reached skill level 6 in Short Blades
  8292 | D:9      | Reached skill level 9 in Hexes
  8442 | D:9      | Reached ** piety under Dithmenos
  8468 | D:9      | Reached skill level 9 in Stealth
  8468 | D:9      | Reached skill level 5 in Transmutations
  8560 | D:9      | Reached skill level 4 in Invocations
  8571 | D:9      | Identified the +1 pair of gloves "Vutahosuotz" {Rampage
                  | Drain rC+ Str+3}
  8607 | D:9      | Noticed a manticore
  8611 | D:9      | Slain by a manticore

Illustrated notes

Levels and vault maps discovered:
D:1:      heliophobic_arrival_battle_scene, layout_loops_ring
D:2:      layout_loops_ring
D:3:      layout_rooms, uniq_sigmund, uniq_jessica, uniq_robin
D:4:      layout_basic, mainiacjoe_overflow_alcove_2, enter_ossuary_2,
          minmay_stone_trees_small, kennysheep_potato
D:5:      layout_basic, led_xom_imps, gammafunk_temple_overflow_statue,
          hangedman_abyss_or_decor_passed, nicolae_specific_store, minivault_11,
          minmay_chambers_of_fives
D:6:      layout_basic, lemuel_coloured_pillars_altar, gup_sewer_entry_glass,
          ebering_ghost_gozag
D:7:      layout_rooms, temple_green
D:8:      layout_loops_ring, nicolae_nh_ransacked_shop, uniq_joseph,
          uniq_gastronok
D:9:      nzn_winding_woodlands_stair_cross [nzn_winding_woodlands_5x15_cabin,
          nzn_winding_woodlands_center_diamonds,
          nzn_winding_woodlands_5x15_garden, nzn_winding_woodlands_5x5_cross,
          nzn_winding_woodlands_5x5_closed_star,
          nzn_winding_woodlands_5x15_sidewinder,
          nzn_winding_woodlands_center_lodge,
          nzn_winding_woodlands_5x15_concentric], layout_loops_ring,
          grunt_ministairs_15
Temple:   jpeg_temple_clearing

Skill      XL: |  1  2  3  4  5  6  7  8  9 10 |
---------------+-------------------------------+-----
Stealth        | 4 5 6 7 8 9 |  9.0
Short Blades   | 2 3 4 5 6 |  6.2
Spellcasting   | 4 5 6 7 8 |  8.7
Shields        | 1 2 3 4 |  4.0
Hexes          | 5 6 7 8 9 |  9.2
Translocations | 1 2 3 |  3.0
Transmutations | 2 4 5 |  5.0
Earth Magic    | 2 4 |  4.9
Fighting       | 1 2 |  2.8
Invocations    | 2 4 |  4.0
Dodging        | |  2.4

Action                     |  1- 3 |  4- 6 |  7- 9 | 10-12 || total
---------------------------+-------+-------+-------+-------++-------
  Melee: Dagger            |    66 |   181 |   401 |   134 ||   782
         Short sword       |    17 |       |       |       ||    17
   Cast: Ensorcelled Hiber |     3 |    16 |    71 |    21 ||   111
         Tukima's Dance    |     2 |     2 |     4 |     6 ||    14
         Confusing Touch   |       |     7 |     7 |       ||    14
         Passwall          |       |       |     2 |       ||     2
    Use: Scroll            |       |       |     9 |     1 ||    10
   Stab: Sleeping          |    23 |    23 |    52 |    17 ||   115
         Confused          |       |     8 |     7 |       ||    15
         Distracted        |       |       |       |     1 ||     1
 Armour: Robe              |    16 |    28 |    86 |    18 ||   148
  Dodge: Dodged            |    39 |    80 |   221 |    63 ||   403
  Block: Buckler           |     5 |    24 |   113 |    22 ||   164

Table legend: (Time is in decaauts)
 A = Elapsed time spent in this place.
 B = Non-inter-level travel time spent in this place.
 C = Inter-level travel time spent in this place.
 D = Time resting spent in this place.
 E = Time spent auto-exploring this place.
 F = Levels seen in this place.
 G = Mean time per level.
                   A        B        C        D        E       F      G
               +--------+--------+--------+--------+--------+-----+--------+
         Total |   8681 |   8332 |    349 |    430 |   5187 |  12 |  723.4 |
       Dungeon |   7398 |   7064 |    334 |    409 |   4557 |   9 |  822.0 |
        Temple |     46 |     31 |     15 |      0 |     18 |   1 |   46.0 |
         Sewer |    891 |    891 |      0 |      0 |    599 |   1 |  891.0 |
       Ossuary |    344 |    344 |      0 |     21 |     12 |   1 |  344.0 |
               +--------+--------+--------+--------+--------+-----+--------+

Top non-repeatable levels by time:
     D:4: 1332 daAuts
     D:5: 1177 daAuts
   Sewer: 891 daAuts
     D:1: 875 daAuts
     D:8: 829 daAuts
     D:2: 776 daAuts
     D:3: 695 daAuts
     D:6: 656 daAuts
     D:9: 562 daAuts
     D:7: 493 daAuts
 Ossuary: 344 daAuts
  Temple: 46 daAuts
